 Dungeon Crawl Stone Soup version 0.29-a0-909-g30c7767f5c (webtiles) character file.

Game seed: 9730033044566001040

593 bradfordvine the Covered (level 7, -6/44 HPs)
             Began as a Gargoyle Berserker on July 25, 2022.
             Was a Believer of Trog.
             Mangled by a gnoll
             ... wielding a +0 halberd
             ... led by a gnoll bouda
              (8 damage)
             ... on level 5 of the Dungeon.
             The game lasted 00:08:05 (5081 turns).

bradfordvine the Covered (Gargoyle Berserker)       Turns: 5081, Time: 00:08:05

Health: -6/44      AC: 14    Str: 23    XL:     7   Next: 39%
Magic:  0/7        EV:  8    Int:  7    God:    Trog [**....]
Gold:   247        SH:  0    Dex:  9    Spells: 6/6 levels left

rFire   . . .      SeeInvis +   B - +0 scythe (venom)
rCold   . . .      Faith    .   (shield currently unavailable)
rNeg    + . .      Spirit   +   u - +0 chain mail
rPois   ∞          Reflect  .   (no helmet)
rElec   +          Harm     .   (no cloak)
rCorr   +          Rampage  .   (no gloves)
Will    .....                   (no boots)
Stlth   ..........              b - amulet of guardian spirit
HPRegen 0.14/turn               i - ring of resist corrosion
MPRegen 0.10/turn               p - ring of see invisible

@: on berserk cooldown, slowed, very slow
A: sickness immunity, AC +4, negative energy resistance 1, electricity
resistance, torment resistance 1, petrification resistance
a: Renounce Religion, Berserk, Trog's Hand


You were on level 5 of the Dungeon.
You worshipped Trog.
Trog was pleased with you.
You visited 1 branch of the dungeon, and saw 5 of its levels.

You collected 247 gold pieces.

Inventory:

Hand Weapons
 a - a +0 hand axe
 B - a +0 scythe of venom (weapon)
Missiles
 k - 12 boomerangs (quivered)
 F - 5 javelins
 G - 2 poisoned darts
Armour
 u - a +0 chain mail (worn)
Jewellery
 b - an amulet of guardian spirit (around neck)
 i - a ring of resist corrosion (left hand)
 p - a ring of see invisible (right hand)
 q - an amulet of faith
Wands
 y - a wand of digging (1)
 D - a wand of flame (22)
Scrolls
 d - 3 scrolls of teleportation {unknown}
 e - 4 scrolls of identify
 j - a scroll of amnesia {unknown}
 l - a scroll of magic mapping {unknown}
 m - a scroll of enchant weapon {unknown}
 n - 2 scrolls of poison {unknown}
 r - a scroll of fog {unknown}
 v - a scroll of torment {unknown}
Potions
 c - 3 potions of degeneration
 f - 2 potions of curing {unknown}
 g - a potion of berserk rage {unknown}
 h - 2 potions of heal wounds {unknown}
 o - a potion of might {unknown}
 s - a potion of magic {unknown}
 t - 2 potions of haste
 w - a potion of flight {unknown}
 x - a potion of lignification {unknown}
 z - a potion of resistance {unknown}
 A - a potion of attraction {unknown}
 C - a potion of brilliance {unknown}
 E - a potion of ambrosia {unknown}


   Skills:
 * Level 4.9 Fighting
 + Level 4.6(4.7) Axes
 + Level 0.2(2.8) Polearms
 * Level 5.2 Armour
 * Level 2.8 Dodging
 + Level 1.4 Stealth


You had 6 spell levels left.
You didn't know any spells.
Your spell library was empty.

Dungeon Overview and Level Annotations

Branches:
Dungeon (5/15)
 Temple: D:4-7

Altars:
Qazlal
Vehumet

Shops:
D:2 (

Portals:
Abyss: D:3

Annotations:
D:3 2 transporters, BearFiend's ghost, amateur KoEn


Innate Abilities, Weirdness & Mutations

You are immune to sickness and miasma.
Your stone body is resilient. (AC +4)
You are immune to poison.
You resist negative energy. (rN+)
You are resistant to electric shocks. (rElec)
You are resistant to unholy torment.
You are immune to petrification.


Message History

You kill the gnoll bouda!
Trog accepts your kill.
The gnoll hits you from afar with a +0 halberd.
The gnoll hits you but does no damage.
You barely miss the gnoll.
The gnoll is heavily wounded.
The gnoll hits you but does no damage. The gnoll barely misses you.
The gnoll closely misses you.
You puncture the gnoll!
You kill the gnoll!
Trog accepts your kill.
The gnoll hits you but does no damage. x2
Your attacks no longer feel as feeble.
The gnoll is no longer moving quickly.
The gnoll barely misses you.
Items here: ))) [ †.
You barely miss the gnoll.
You are no longer berserk.
You are exhausted.
You feel yourself slow down.
The gnoll hits you with a +2 spear of flaming.
The gnoll burns you. The gnoll hits you with a +0 halberd.
You barely miss the gnoll.
The gnoll is no longer moving quickly.
The gnoll closely misses you. The gnoll completely misses you.
The gnoll hits you with a +2 spear of flaming.
The gnoll burns you. The gnoll hits you with a +0 halberd!
* * * LOW HITPOINT WARNING * * *
You hit the gnoll but do no damage. The gnoll closely misses you.
The gnoll barely misses you. x3
You hit the gnoll.
The gnoll is heavily wounded.
The gnoll hits you but does no damage. The gnoll barely misses you.
The gnoll hits you with a +2 spear of flaming.
* * * LOW HITPOINT WARNING * * *
The gnoll burns you.
* * * LOW HITPOINT WARNING * * *
The gnoll hits you with a +0 halberd.
* * * LOW HITPOINT WARNING * * *
You completely miss the gnoll.
The gnoll hits you but does no damage. x3
The gnoll hits you with a +0 halberd!
You die...

# #.####.####.# #.
#...........#
#.#########<######
#.......#.#.#
............###
#.##...............
#. #.......#######.
##.#g##.......#
#...g@).......#
.......##.....[.#
###..## #.......#
#. #.......# #
###..#### #.#..
...## ####


You could see 2 gnolls.

Vanquished Creatures
  Sigmund (D:4)
  A centaur (D:4)
  A phantom (D:4)
  A gnoll bouda (D:5)
  Ijyb (D:4)
  Terence (D:3)
  5 adders
  7 gnolls
  3 worms
  4 dart slugs
  2 orcs (D:3)
  7 ball pythons
  3 endoplasms
  6 giant cockroaches
  7 goblins
  8 hobgoblins
  3 jackals (D:1)
  4 quokkas
  4 bats
  2 frilled lizards (D:1)
  2 kobolds
  5 rats
78 creatures vanquished.

Vanquished Creatures (others)
  A demonic plant (D:1)
  20 plants (D:1)
21 creatures vanquished.

Grand Total: 99 creatures vanquished

Notes
Turn   | Place    | Note
-------+----------+-------------------------------------------
     0 | D:1      | bradfordvine the Gargoyle Berserker began the quest for the
                  | Orb.
     0 | D:1      | Reached XP level 1. HP: 14/14 MP: 1/1
   177 | D:1      | Reached XP level 2. HP: 19/19 MP: 2/2
   388 | D:1      | Found a faded altar of an unknown god.
   407 | D:1      | Reached XP level 3. HP: 24/24 MP: 3/3
   997 | D:2      | Found a radiant altar of Vehumet.
  1066 | D:2      | Found Voexadir's Antique Weapon Emporium.
  1510 | D:2      | Reached ** piety under Trog
  2018 | D:3      | Found a transporter.
  2041 | D:3      | Noticed a small abomination
  2046 | D:3      | Noticed a small abomination
  2051 | D:3      | Found a one-way gate to the infinite horrors of the Abyss.
  2066 | D:3      | Found a transporter.
  2084 | D:3      | Identified the +3 short sword of Tension {venom, rF+ rC+
                  | Int+3 SInv}
  2150 | D:3      | Reached XP level 4. HP: 14/29 MP: 4/4
  2156 | D:3      | Reached skill level 3 in Armour
  2159 | D:3      | Noticed BearFiend's ghost (amateur KoEn)
  3016 | D:3      | Reached XP level 5. HP: 30/33 MP: 5/5
  3047 | D:3      | Identified the +6 spear "Demonbane" {pain, rCorr Str+2
                  | Stlth-}
  3082 | D:3      | Reached skill level 1 in Stealth
  3093 | D:3      | Noticed Terence
  3101 | D:3      | Killed Terence
  3180 | D:3      | Found a stormy altar of Qazlal.
  3790 | D:4      | Identified the +1 robe of the Ditch-Digger {Stlth+}
  3840 | D:4      | Noticed a phantom
  3854 | D:4      | Killed a phantom
  3855 | D:4      | Reached skill level 4 in Armour
  3855 | D:4      | Reached XP level 6. HP: 39/39 MP: 3/6
  3908 | D:4      | Noticed Ijyb
  3923 | D:4      | Killed Ijyb
  3925 | D:4      | Noticed Sigmund
  4105 | D:4      | Killed Sigmund
  4106 | D:4      | Reached XP level 7. HP: 44/44 MP: 7/7
  4466 | D:4      | Reached skill level 5 in Armour
  5050 | D:5      | Entered Level 5 of the Dungeon
  5080 | D:5      | HP: 2/44 [gnoll/+0 halberd[a gnoll bouda] (2)]
  5081 | D:5      | Mangled by a gnoll

Illustrated notes

Levels and vault maps discovered:
D:1:      psy_arrival_radial02, layout_rooms, shapermc_ecumenical_altar_gd,
          serial_forest, infiniplex_forest_clump_small,
          infiniplex_forest_straight_1, infiniplex_forest_fountain,
          infiniplex_forest_clump_C, infiniplex_forest_clump_double,
          infiniplex_forest_clump_small, infiniplex_forest_pool,
          serial_bayou_lagoon_a
D:2:      layout_loops_corners, basic_altar, serial_shops, nicolae_shop_stone,
          nicolae_figureground_sparkle
D:3:      layout_loops_corners, nicolae_qazlal_scattered_showers,
          gammafunk_ghost_abyssal_escape, minmay_pentangle, uniq_terence
D:4:      layout_basic, uniq_sigmund, uniq_ijyb
D:5:      corexii_shack_village, layout_loops_ring, serial_shops, shop,
          kennysheep_generic_room_15, uniq_eustachio

Skill      XL: |  1  2  3  4  5  6  7 |
---------------+----------------------+-----
Axes           | 3 4 |  4.6
Fighting       | 4 |  4.9
Armour         | 3 4 5 |  5.2
Dodging        | 2 |  2.8
Stealth        | 1 |  1.4
Polearms       | |  0.2

Action                   |  1- 3 |  4- 6 |  7- 9 || total
-------------------------+-------+-------+-------++-------
Melee: Hand axe          |   116 |   131 |       ||   247
       Punch             |     1 |       |       ||     1
       Halberd           |       |       |    21 ||    21
Invok: Berserk           |     1 |     4 |     1 ||     6
  Use: Scroll            |       |       |     1 ||     1
Armor: Animal skin       |    27 |       |       ||    27
       Ring mail         |    21 |    15 |       ||    36
       Chain mail        |       |    42 |    23 ||    65
Dodge: Dodged            |    63 |    77 |    24 ||   164

Table legend: (Time is in decaauts)
 A = Elapsed time spent in this place.
 B = Non-inter-level travel time spent in this place.
 C = Inter-level travel time spent in this place.
 D = Time resting spent in this place.
 E = Time spent auto-exploring this place.
 F = Levels seen in this place.
 G = Mean time per level.
                   A        B        C        D        E       F      G
               +--------+--------+--------+--------+--------+-----+--------+
         Total |   5168 |   4902 |    266 |    663 |   3477 |   5 | 1033.6 |
       Dungeon |   5168 |   4902 |    266 |    663 |   3477 |   5 | 1033.6 |
               +--------+--------+--------+--------+--------+-----+--------+

Top non-repeatable levels by time:
     D:3: 2168 daAuts
     D:2: 1031 daAuts
     D:1: 1004 daAuts
     D:4: 931 daAuts
     D:5: 32 daAuts
